cohdb
Replays
Latest Replays
All Replays
Popular Replays
Top Player Replays
Match Explorer
How It Works
Community
CoH3 Stats
Reddit
Sign in to upload your games and track your stats! →
Sign in with Steam
Match 40901471
Unlisted
Match 40901471
Overview
Messages
Build Orders
End
Panzergrenadier Squad
Panzergrenadier Squad
Selects Italian Infantry
250 Light Carrier
Construct Light Support Kompanie
Panzergrenadier Squad
Selects Guastatori Squad
Selects L6/40 Light Tank Combat Group
L6/40 Light Tank Combat Group
Guastatori Squad
Fire Support Elements
Pak 38 Mechanized Group
Construct Panzerarmee Kommand
Panzer III L Medium Tank
Selects Defensive Operations
Selects Prepared Positions
Panzer III L Medium Tank
Selects Towed Cannone da 105/28 Field Howitzer
Walking Stuka Rocket Launcher
Panzerpioneer Squad
Emergency Repair Kits
Pak 38 Mechanized Group
Construct Mechanized Kompanie
Panzergrenadier Squad
254 Reconnaissance Tractor
Veteran Squad Leaders
18-tonne Recovery Half-track
Otto Skorzeny
[L2P]BartonPL
Khayyam
Corpse
0
0
Comments
sign in to comment!
No comments posted yet!